 Dungeon Crawl Stone Soup version 0.29-a0-1033-gb6c65ffae6 (webtiles) character file.

Game seed: 2164529174458837480

272 siradein the Shooter (level 6, -2/52 HPs)
             Began as a Draconian Hunter on Aug 15, 2022.
             Slain by an orc
             ... wielding a +3 dagger
              (5 damage)
             ... on level 6 of the Dungeon.
             The game lasted 00:03:40 (2134 turns).

siradein the Shooter (Draconian Hunter)             Turns: 2134, Time: 00:03:41

Health: -2/52      AC:  6    Str: 13    XL:     6   Next: 2%
Magic:  10/15      EV: 13    Int:  9    God:
Gold:   43         SH:  0    Dex: 19    Spells: 5/5 levels left

rFire   . . .      SeeInvis .   j - +7 broad axe "Impslayer" {protect, MP+9 Dex+2}
rCold   . . .      Faith    .   (no shield)
rNeg    . . .      Spirit   .   (body armour unavailable)
rPois   .          Reflect  .   (helmet restricted)
rElec   .          Harm     .   (no cloak)
rCorr   .          Rampage  .   (no gloves)
Will    .....                   (no boots)
Stlth   +++.......              (no amulet)
HPRegen 0.17/turn               (no ring)
MPRegen 0.14/turn               (no ring)

@: no status effects
A: AC +6, unfitting armour, cold-blooded
a: no special abilities


You were on level 6 of the Dungeon.
You visited 1 branch of the dungeon, and saw 4 of its levels.

You collected 65 gold pieces.
You spent 22 gold pieces at shops.

Inventory:

Hand Weapons
 a - a +0 shortbow
 j - the +7 broad axe "Impslayer" (weapon) {protect, MP+9 Dex+2}
   (You found it on level 2 of the Dungeon)

   It grants its wielder temporary protection when it strikes (+7 to AC).
   Dex:       It affects your dexterity (+2).
   MP:        It affects your magic capacity (+9).
Scrolls
 b - a scroll of immolation
 c - 3 scrolls of poison {unknown}
 d - a scroll of magic mapping {unknown}
 f - 2 scrolls of teleportation
 h - a scroll of fear {unknown}
 i - a scroll of vulnerability {unknown}
 k - a scroll of amnesia {unknown}
Potions
 e - a potion of curing
 g - a potion of flight


   Skills:
 + Level 3.9 Fighting
 + Level 4.6 Ranged Weapons
 + Level 3.2 Dodging
 + Level 2.9 Stealth


You had 5 spell levels left.
You didn't know any spells.
Your spell library contained the following spells:

 Spells                   Type           Power      Damage    Failure   Level
 Blink                    Tloc           0%         N/A       52%         2
 Dazzling Flash           Conj/Hex       0%         N/A       77%         3
 Agony                    Necr           0%         N/A       100%        5
 Manifold Assault         Tloc           0%         N/A       100%        5
 Silence                  Hex/Air        0%         N/A       100%        5
 Storm Form               Tmut/Air       0%         N/A       100%        7


Dungeon Overview and Level Annotations

Branches:
Dungeon (6/15)
 Temple: D:4-7

Altars:

Shops:
D:2 [[(?


Innate Abilities, Weirdness & Mutations

Your plain brown scales are hard. (AC +6)
You cannot fit into any form of body armour.
You are cold-blooded and may be slowed by cold attacks.


Message History

You miss something.
You hear the slow hiss of an avalanche of sand very nearby.
An orc comes into view. It is wielding a +0 trident.
Something hits you.
* * * LOW HITPOINT WARNING * * *
You miss something. Something hits you but does no damage. Something hits you.
* * * LOW HITPOINT WARNING * * *
You miss something. You tail-slap something.
You hear some strange, mumbled words.
A puff of flame appears from out of thin air!
The puff of flame hits something!
Reactivating autopickup.
You feel a bit more experienced.
Deactivating autopickup; reactivate with Ctrl-A.
You miss something.
Your tail-slap misses something.
You hear some strange, mumbled words.
Something tries to affect you, but you resist.
Unknown command.
You barely miss something.
Something hits you but does no damage. x2
You slash something!
Your weapon exudes an aura of protection.
Something hits you but does no damage.
You miss something.
Something hits you but does no damage. x2
You slash something!
Reactivating autopickup.
You feel a bit more experienced. The orc misses you.
You have reached level 6!
Your scales feel tougher.
You barely miss the orc. You tail-slap the orc.
The orc is lightly wounded.
The orc closely misses you.
You slash the orc!
You kill the orc!
The orc hits you with a +3 dagger.
* * * LOW HITPOINT WARNING * * *
You closely miss the orc. The orc hits you but does no damage.
You barely miss the orc.
You tail-slap the orc, but do no damage.
The orc hits you with a +3 dagger.
You die...

.... #..##
....# #...#
#...### #.....
..#.######..#
.......@ooo.#
#.#########.##
#......o{....#
#######.###J##
#..# #o.#
..... ..o..
##..h..S...#.
#......g..# ..
#...$.....# .


You could see 3 orcs.

Vanquished Creatures
  A black bear (D:6)
  A jelly (D:6)
  3 orc wizards (D:6)
  An adder (D:6)
  A worm (D:2)
  3 dart slugs
  2 orcs (D:6)
  3 bats
  3 endoplasms
  A giant cockroach (D:1)
  3 goblins
  5 hobgoblins
  4 jackals (D:1)
  A quokka (D:2)
  4 ball pythons
  3 frilled lizards
  4 kobolds
  4 rats
47 creatures vanquished.

Vanquished Creatures (others)
  An orc wizard (D:6)
1 creature vanquished.

Grand Total: 48 creatures vanquished

Notes
Turn   | Place    | Note
-------+----------+-------------------------------------------
     0 | D:1      | siradein the Draconian Hunter began the quest for the Orb.
     0 | D:1      | Reached XP level 1. HP: 17/17 MP: 1/1
    23 | D:1      | Reached skill level 1 in Stealth
    79 | D:1      | Reached XP level 2. HP: 21/25 MP: 2/2
   427 | D:1      | Found a faded altar of an unknown god.
   867 | D:2      | Found Asubbi's Antique Weapon Boutique.
   877 | D:2      | Found Okhlypuh's Magic Scroll Boutique.
   918 | D:2      | Found Miung's Armour Emporium.
  1007 | D:2      | Reached XP level 3. HP: 30/30 MP: 3/3
  1403 | D:2      | Found Bastol's Antique Armour Boutique.
  1529 | D:2      | Reached skill level 4 in Ranged Weapons
  1546 | D:2      | Identified the +7 broad axe "Impslayer" {protect, MP+9
                  | Dex+2}
  1638 | D:2      | Bought a scroll of identify for 22 gold pieces
  2086 | D:3      | You fall into a shaft and drop 3 floors!
  2087 | D:6      | Noticed a black bear
  2107 | D:6      | Killed a black bear
  2108 | D:6      | Reached XP level 4. HP: 22/38 MP: 4/4
  2108 | D:6      | Reached XP level 5. HP: 26/45 MP: 4/5
  2131 | D:6      | Reached XP level 6. HP: 5/52 MP: 6/6
  2132 | D:6      | HP: 2/52 [orc/+3 dagger (3)]
  2134 | D:6      | Slain by an orc

Illustrated notes

Levels and vault maps discovered:
D:1:      eino_arrival_water_star, layout_loops_cross,
          chequers_ecumenical_altar_simple, kennysheep_another_room,
          chequers_serial_rivers_micro_a
D:2:      layout_loops_corners, serial_shops, nicolae_shop_statue_plus,
          nicolae_shop_overgrown_old_shop, shop, nicolae_shop_hallway_stairs,
          minmay_pentomino_o2
D:3:      layout_rooms, gup_sewer_entry_spiral, guppyfry_early_lair_pool,
          uniq_terence
D:6:      nicolae_cairo_tiling_large_dashed, layout_loops_ring,
          kennysheep_little_box, lemuel_doored_altar, gup_ossuary_entry_pyramid,
          serial_shops, shop

Skill      XL: |  1  2  3  4  5 |
---------------+----------------+-----
Stealth        | 1 2 |  2.9
Dodging        | 2 3 |  3.2
Ranged Weapons | 4 |  4.6
Fighting       | 3 |  3.9

Action                   |  1- 3 |  4- 6 || total
-------------------------+-------+-------++-------
Melee: Broad axe         |     6 |    27 ||    33
       Tailslap          |     1 |     4 ||     5
 Fire: Shortbow          |   104 |       ||   104
  Use: Scroll            |     3 |       ||     3
Armor: Skin              |    31 |    13 ||    44
Dodge: Dodged            |    46 |     5 ||    51

Table legend: (Time is in decaauts)
 A = Elapsed time spent in this place.
 B = Non-inter-level travel time spent in this place.
 C = Inter-level travel time spent in this place.
 D = Time resting spent in this place.
 E = Time spent auto-exploring this place.
 F = Levels seen in this place.
 G = Mean time per level.
                   A        B        C        D        E       F      G
               +--------+--------+--------+--------+--------+-----+--------+
         Total |   2189 |   2103 |     86 |      0 |   1741 |   4 |  547.2 |
       Dungeon |   2189 |   2103 |     86 |      0 |   1741 |   4 |  547.2 |
               +--------+--------+--------+--------+--------+-----+--------+

Top non-repeatable levels by time:
     D:2: 1163 daAuts
     D:1: 882 daAuts
     D:3: 76 daAuts
     D:6: 67 daAuts
